 Dungeon Crawl Stone Soup version 0.29.1-2-gbd0b4ee654 (webtiles) character file.

Game seed: 18254962866520805974

106 xian the Cudgeller (level 4, -1/42 HPs)
             Began as a Troll Gladiator on Nov 3, 2022.
             Slain by a gnoll
             ... wielding a +0 flail
              (7 damage)
             ... on level 3 of the Dungeon.
             The game lasted 00:05:39 (1563 turns).

xian the Cudgeller (Troll Gladiator)                Turns: 1563, Time: 00:05:40

Health: -1/42      AC:  6    Str: 24    XL:     4   Next: 55%
Magic:  3/3        EV: 10    Int:  4    God:
Gold:   54         SH:  0    Dex: 11    Spells: 3/3 levels left

rFire   . . .      SeeInvis .   a - +0 flail
rCold   . . .      Faith    .   (no shield)
rNeg    . . .      Spirit   .   b - +0 robe
rPois   .          Reflect  .   c - +1 hat
rElec   .          Harm     .   g - +0 cloak
rCorr   .          Rampage  .   (gloves unavailable)
Will    .....                   (boots unavailable)
Stlth   +.........              (no amulet)
HPRegen 0.94/turn               (no ring)
MPRegen 0.08/turn               (no ring)

@: no status effects
A: large, unfitting armour, claws 3, regeneration 1, shaggy fur 1, tough skin 1
a: no special abilities


You were on level 3 of the Dungeon.
You visited 1 branch of the dungeon, and saw 3 of its levels.

You collected 54 gold pieces.

Inventory:

Hand Weapons
 a - a +0 flail (weapon)
Missiles
 d - 2 throwing nets
 e - a large rock
 i - 4 stones
 p - 2 poisoned darts (quivered)
Armour
 b - a +0 robe (worn)
 c - a +1 hat (worn)
 g - a +0 cloak (worn)
Scrolls
 f - a scroll of silence {unknown}
 h - a scroll of enchant armour
 j - a scroll of fog {unknown}
 m - a scroll of summoning
 n - a scroll of blinking
Potions
 k - a potion of mutation {unknown}
 l - a potion of degeneration {unknown}
 o - a potion of lignification {unknown}
 q - 2 potions of haste {unknown}


   Skills:
 + Level 2.1 Fighting
 + Level 3.9 Maces & Flails
 + Level 2.1 Throwing
 + Level 2.9 Dodging
 + Level 0.1 Stealth


You had 3 spell levels left.
You didn't know any spells.
Your spell library contained the following spells:

 Spells                   Type           Power      Damage    Failure   Level
 Dazzling Flash           Conj/Hex       0%         N/A       86%         3
 Gell's Gravitas          Tloc           0%         N/A       86%         3
 Lesser Beckoning         Tloc           0%         N/A       86%         3
 Teleport Other           Tloc           0%         N/A       86%         3
 Agony                    Necr           0%         N/A       100%        5
 Silence                  Hex/Air        0%         N/A       100%        5


Dungeon Overview and Level Annotations

Branches:
Dungeon (3/15)

Altars:
Fedhas


Innate Abilities, Weirdness & Mutations

You are too large for most types of armour.
You have claws for hands.
Your natural rate of healing is unusually fast.
You are covered in fur. (AC +1)
You have tough skin. (AC +1)


Message History

You hit the gnoll.
The gnoll is severely wounded.
The gnoll hits you with a +0 halberd!
You closely miss the gnoll.
The gnoll is severely wounded.
The gnoll closely misses you.
Unknown command.
You barely miss the gnoll.
The gnoll is severely wounded.
The gnoll completely misses you. The gnoll misses you.
The gnoll barely misses you. The gnoll hits you with a +0 flail.
Unknown command.
You hit the gnoll.
You kill the gnoll!
The gnoll barely misses you.
Unknown command.
You thump the gnoll!
You kill the gnoll!
The gnoll barely misses you.
The goblin shoots a sling bullet.
The sling bullet completely misses you. The gnoll hits you with a +0 flail!
Unknown command.
The gnoll attacks as you move away! The gnoll misses you.
The gnoll attacks as you move away! The gnoll barely misses you.
The gnoll attacks as you move away! The gnoll barely misses you.
You sock the gnoll!
The gnoll is severely wounded.
You closely miss the gnoll.
The gnoll is severely wounded.
The gnoll hits you but does no damage. The gnoll hits you with a +0 flail!
You barely miss the gnoll.
The gnoll is severely wounded.
The gnoll hits you but does no damage.
The gnoll hits you from afar with a +0 spear.
* * * LOW HITPOINT WARNING * * *
The gnoll hits you from afar with a +0 spear.
* * * LOW HITPOINT WARNING * * *
The goblin shoots a sling bullet.
The sling bullet hits you but does no damage.
The gnoll hits you with a +0 flail!
You die...

#.....#..#.###.#.........
#.......##.###>..........
#......##..#..)g..#..##.#
#.........##.###......#.#
#.......####.###......#.# #
#.....##...#...#......#<#
#.#.....#.....gg..........###
#.##..##..........#.........##
#.^...##......@g..##...g.##..##
###^_..............###.......(..
#..^^^.†##.........#.##...g.(.g.
#......###....#.....).##........
#......# #.#########.##.........
........# #. ###..........
........# . #.....$....
.#.....#. #.......... ##.......
#..........


You could see 2 gnolls and a goblin.

Vanquished Creatures
  2 adders (D:2)
  2 gnolls (D:3)
  2 dart slugs
  7 bats
  6 endoplasms
  A giant cockroach (D:1)
  3 goblins
  6 hobgoblins
  4 jackals (D:1)
  4 quokkas (D:1)
  5 ball pythons
  7 frilled lizards
  7 kobolds
  2 rats (D:2)
58 creatures vanquished.

Notes
Turn   | Place    | Note
-------+----------+-------------------------------------------
     0 | D:1      | xian the Troll Gladiator began the quest for the Orb.
     0 | D:1      | Reached XP level 1. HP: 19/19 MP: 0/0
    61 | D:1      | Reached skill level 3 in Maces & Flails
    90 | D:1      | Reached XP level 2. HP: 27/27 MP: 1/1
   331 | D:1      | Reached XP level 3. HP: 35/35 MP: 2/2
  1155 | D:2      | Reached XP level 4. HP: 42/42 MP: 3/3
  1328 | D:3      | Found a faded altar of an unknown god.
  1463 | D:3      | Found a blossoming altar of Fedhas.
  1563 | D:3      | Slain by a gnoll

Illustrated notes

Levels and vault maps discovered:
D:1:      saegor_arrival_simple_b, layout_loops_ring
D:2:      layout_rooms
D:3:      layout_rooms, fedhas_altar_4, gup_sewer_entry_bowl,
          ebering_ecumenical_altar_webs, nrook_loot_triangle, minivault_23,
          uniq_robin

Skill      XL: |  1  2  3 |
---------------+----------+-----
Maces & Flails | 3 |  3.9
Throwing       | 2 |  2.1
Fighting       | 2 |  2.1
Dodging        | |  2.9
Stealth        | |  0.1

Action                   |  1- 3 |  4- 6 || total
-------------------------+-------+-------++-------
Melee: Flail             |   156 |    30 ||   186
       Punch             |     1 |     1 ||     2
Throw: Stone             |    17 |       ||    17
       Throwing net      |     3 |       ||     3
       Large rock        |     1 |       ||     1
       Dart              |       |     2 ||     2
  Use: Scroll            |       |     3 ||     3
 Stab: Sleeping          |     2 |       ||     2
       Distracted        |       |     1 ||     1
Armor: Robe              |    85 |    22 ||   107
Dodge: Dodged            |   117 |    31 ||   148
